Map: Eternal Empire LE

Players

BratOK (Brat_OK)

  • Race: Terran Terran
  • League: Master
  • Spawn Location: 7:00

Van (Vanya) - Winner!

  • Race: Zerg Zerg
  • League: Master
  • Spawn Location: 1:00

Event: DreamHack SC2 Masters 2020 Fall

VOD

Have the link to the VOD?

Description

Time

  • Played on: Aug. 28, 2020, 11:41 a.m.
  • Length: 9:44

All games in this series

Show
View Real Time Build Order
Export as new Build Order

BratOK Terran 

Build Orders: Mech 

Get SALT Encoding   

  12  0:00  SCV  
  13  0:12  SCV  
  14  0:17  Supply Depot  
  14  0:24  SCV  
  15  0:38  SCV  
  15  0:40  Barracks  
  16  0:44  Refinery  
  16  0:50  SCV  
  17  1:02  SCV  
  18  1:14  SCV  
  19  1:27  Orbital Command  
  19  1:28  Barracks Reactor  
  19  1:39  Command Center  
  19  1:46  Supply Depot  
  19  1:53  SCV  
  20  2:05  SCV, Marine x2  
  23  2:09  Factory  
  23  2:17  SCV  
  23  2:18  Refinery  
  24  2:22  Marine  
  24  2:23  Marine  
  24  2:29  SCV  
  27  2:41  Marine x2  
  27  2:43  SCV  
  30  2:51  Orbital Command  
  30  2:54  Starport  
  30  3:03  Hellion x2  
  30  3:04  SCV  
  35  3:19  SCV x2  
  37  3:24  Hellion x2  
  37  3:25  Supply Depot  
  41  3:30  Medivac  
  43  3:35  Fusion Core  
  43  3:40  SCV  
  43  3:41  SCV  
  45  3:47  Hellion, Widow Mine  
  49  3:50  Supply Depot  
  49  3:53  SCV  
  50  3:56  Barracks Tech Lab  
  50  3:57  SCV  
  51  4:05  SCV  
  52  4:15  Hellion x2  
  56  4:18  Command Center  
  56  4:26  Marine  
  57  4:46  Hellion x2  
  57  4:47  SCV  
  57  4:51  Supply Depot  
  62  4:56  SCV  
  57  5:02  Battlecruiser  
  57  5:06  Supply Depot  
  62  5:10  SCV  
  62  5:12  Hellion  
  62  5:13  Hellion  
  61  5:15  SCV  
  61  5:16  Refinery  
  61  5:17  Weapon Refit  
  61  5:18  Refinery  
  58  5:29  SCV x2  
  58  5:31  Orbital Command, Supply Depot  
  60  5:37  Hellion x2  
  64  5:50  SCV x2  
  62  5:59  SCV  
  62  6:02  Hellion x2, SCV  
  68  6:06  Battlecruiser  
  68  6:10  Engineering Bay  
  74  6:14  SCV  
  71  6:20  SCV  
  67  6:27  Widow Mine  
  67  6:28  Orbital Command  
  67  6:30  Factory  
  67  6:31  Factory  
  69  6:35  Barracks Tech Lab  
  69  6:36  SCV  
  69  6:37  SCV  
  69  6:38  Missile Turret  
  71  6:40  Missile Turret  
  69  6:47  Missile Turret  
  69  6:48  SCV  
  69  6:49  Widow Mine x2  
  69  6:51  SCV  
  69  6:53  Armory  
  75  6:55  Armory, SCV  
  75  7:01  SCV  
  77  7:03  SCV  
  77  7:07  SCV  
  79  7:13  SCV  
  81  7:15  SCV  
  81  7:19  Factory x2, SCV  
  81  7:21  Refinery  
  82  7:22  Refinery  
  82  7:25  SCV  
  82  7:27  Siege Tank x2, SCV  
  82  7:28  Hellion x2  
  94  7:31  SCV  
  94  7:35  Supply Depot  
  95  7:37  SCV  
  95  7:39  SCV  
  95  7:43  SCV  
  98  7:44  Terran Vehicle And Ship Armor Level 1, Terran Vehicle Weapons Level 1  
  98  7:49  SCV  
  98  7:51  Hellion  
  100  7:52  SCV  
  100  7:57  Hellion, SCV  
  104  7:59  Supply Depot  
  104  8:00  Supply Depot  
  104  8:01  SCV  
  104  8:02  Factory Tech Lab  
  104  8:04  SCV  
  109  8:11  Factory Reactor  
  109  8:12  SCV  
  107  8:13  SCV  
  107  8:16  SCV  
  109  8:20  Thor  
  109  8:21  Thor  
  109  8:22  Supply Depot x2  
  109  8:25  Hellion x2  
  119  8:28  SCV  
  119  8:29  Missile Turret  
  120  8:34  Missile Turret  
  120  8:40  Thor  
  124  8:41  Supply Depot  
  124  8:47  Hellion x2, Supply Depot  
  116  8:49  Hellion  
  116  8:51  SCV x2  
  116  8:54  SCV  
  115  9:03  SCV x2  
  115  9:07  SCV  
  118  9:15  SCV x2  
  118  9:17  Engineering Bay  
  118  9:24  SCV  
  123  9:27  SCV x2  
  123  9:30  Refinery  
Show
View Real Time Build Order
Export as new Build Order

Van Zerg - Winner!

Build Orders: Hatch First 

Get SALT Encoding   

  12  0:00  Drone  
  13  0:12  Overlord  
  13  0:17  Drone  
  14  0:30  Drone x2  
  16  0:48  Hatchery  
  15  0:51  Drone  
  15  0:55  Drone  
  17  0:58  Drone  
  18  1:09  Extractor  
  17  1:13  Spawning Pool  
  17  1:16  Drone  
  17  1:20  Drone  
  18  1:28  Drone  
  19  1:40  Drone  
  20  1:50  Overlord  
  20  2:00  Queen x2, Zergling x2  
  20  2:01  Zergling x2  
  26  2:11  Drone x2  
  26  2:12  Metabolic Boost  
  28  2:22  Drone x2  
  30  2:33  Drone  
  30  2:34  Overlord  
  31  2:39  Queen  
  31  2:42  Queen  
  35  2:45  Drone  
  36  2:53  Drone  
  36  2:54  Drone  
  36  2:55  Drone  
  39  3:04  Drone, Overlord  
  40  3:10  Drone x4  
  44  3:21  Hatchery  
  44  3:25  Lair  
  43  3:28  Extractor  
  43  3:29  Drone  
  42  3:37  Drone x5  
  47  3:44  Overlord  
  46  3:51  Extractor  
  46  3:54  Zergling x8  
  49  3:57  Drone x2  
  49  4:00  Extractor  
  50  4:04  Drone x2  
  50  4:06  Baneling Nest  
  51  4:10  Queen  
  51  4:11  Drone x2  
  55  4:20  Drone x2  
  55  4:21  Overlord  
  55  4:23  Evolution Chamber  
  56  4:28  Spire  
  56  4:30  Overseer  
  55  4:34  Zergling x4  
  57  4:39  Overlord  
  57  4:40  Drone  
  57  4:43  Drone  
  59  4:51  Zergling x10  
  64  4:55  Overlord  
  59  5:01  Zergling x2  
  59  5:02  Zergling x6  
  59  5:06  Drone x2  
  64  5:10  Drone  
  64  5:14  Drone x2  
  66  5:16  Drone  
  66  5:18  Drone x2  
  69  5:24  Spore Crawler  
  69  5:26  Spore Crawler x2  
  66  5:37  Drone  
  66  5:41  Mutalisk x4  
  75  5:48  Overlord, Mutalisk  
  75  5:49  Mutalisk  
  79  5:52  Overlord  
  79  5:57  Mutalisk  
  79  5:59  Overlord  
  81  6:09  Evolution Chamber  
  81  6:10  Drone x4  
  81  6:11  Drone x2  
  81  6:19  Drone x5  
  81  6:25  Zerg Flyer Weapons Level 1  
  86  6:32  Mutalisk x3  
  86  6:36  Mutalisk  
  86  6:39  Drone x3  
  97  6:47  Extractor x2, Overlord  
  97  6:48  Drone x3  
  97  6:51  Drone  
  97  6:52  Drone x2  
  101  6:59  Overlord  
  101  7:08  Mutalisk x2  
  103  7:09  Hatchery  
  102  7:16  Mutalisk x3  
  102  7:20  Drone x4  
  112  7:28  Evolution Chamber, Mutalisk x2  
  112  7:29  Overlord  
  115  7:36  Roach Warren  
  114  7:37  Drone x3  
  114  7:39  Drone  
  114  7:43  Overlord  
  118  7:56  Mutalisk x3  
  118  7:57  Mutalisk  
  126  7:59  Drone x4  
  126  8:02  Overlord  
  129  8:05  Overlord  
  129  8:12  Pneumatized Carapace  
  129  8:13  Drone x2  
  129  8:15  Mutalisk  
  133  8:21  Unknown  
  133  8:23  Drone  
  133  8:24  Drone x3  
  133  8:25  Drone  
  133  8:26  Queen x2  
  137  8:30  Roach x3  
  143  8:36  Overlord x2  
  143  8:43  Roach x6  
  155  8:50  Overlord  
  155  8:54  Roach x3  
  159  9:07  Roach x7  
  159  9:08  Hatchery  
  169  9:15  Roach x5  
  176  9:26  Ravager x6  

Tags
 
Add a new tag
Caveats
  • Supply blocks, unpowered buildings, or Contaminate may cause inaccurate times.
  • Supply counts are checked every 10 seconds.